[ AOE2 MATCH · #506343292 ]
UnrankedSlavs vs Byzantines
Player's team · LOSS
[ REPLAY ANALYSIS · EXTRACTED FROM THE RECORDED GAME ]
Feudal
10:55
Castle
22:33
Imperial
—
| APM avg | 30.5 |
| APM peak | 68 |
| eAPM avg | 16.4 |
| Villagers / military | 62 / 4 |
Focus
⚔️ 12.2% · 🌾 87.8%
Mangonel ×4
Feudal
10:14
Castle
25:11
Imperial
—
| APM avg | 63.1 |
| APM peak | 125 |
| eAPM avg | 32.8 |
| Villagers / military | 78 / 30 |
Focus
⚔️ 33.3% · 🌾 66.7%
Archer ×14 · Militia ×7 · Knight ×4 · Mangonel ×3 · Spearman ×2
Match map
Initial resources + every placement click. Lines = walls · curves = elevation contours. ◆ gold · ⬟ stone · ● berries · ✦ relic · ◌ wall gap
Your base· ✓ Closed at 22:33 · 10t walls · no gate
FireFarts's base· Open — opponent sealed themselves in
Smoothed initial terrain · ◌ = detected wall gap · hover for details
Inputs per minute
— marius_590 - - FireFarts
Build order — marius_590
130 actions detected in the replay
| 0:00 | Create | Villager (Male) ×4 |
| 0:02 | Build | House |
| 0:03 | Build | House |
| 0:55 | Research | Loom |
| 1:08 | Create | Villager (Male) |
| 1:40 | Build | House |
| 1:50 | Create | Villager (Male) |
| 2:07 | Build | Palisade Wall |
| 2:11 | Build | Palisade Gate |
| 2:14 | Build | Palisade Wall |
| 2:25 | Create | Villager (Male) |
| 2:40 | Create | Villager (Male) |
| 3:13 | Create | Villager (Male) |
| 3:44 | Build | Lumber Camp |
| 3:45 | Create | Villager (Male) |
| 4:04 | Create | Villager (Male) |
| 4:25 | Create | Villager (Male) |
| 4:48 | Create | Villager (Male) |
| 4:48 | Create | Villager (Male) |
| 5:31 | Build | Mill |
| 5:44 | Create | Villager (Male) |
| 5:56 | Build | House |
| 6:01 | Create | Villager (Male) |
| 6:22 | Create | Villager (Male) |
| 6:23 | Create | Villager (Male) |
| 6:56 | Create | Villager (Male) |
| 7:10 | Build | Mill |
| 7:34 | Create | Villager (Male) |
| 7:59 | Build | Mining Camp |
| 8:10 | Create | Villager (Male) |
| 8:41 | Research | Feudal Age |
| 8:53 | Build | House |
| 9:53 | Create | Villager (Male) |
| 9:53 | Create | Villager (Male) |
| 10:31 | Build | House |
| 10:40 | Build | House |
| 10:46 | Build | House |
| 10:54 | Create | Villager (Male) |
| 10:55 | Age | Feudal Age |
| 11:02 | Build | Market |
| 11:14 | Build | Blacksmith |
| 11:16 | Build | House |
| 11:41 | Create | Villager (Male) |
| 11:55 | Create | Villager (Male) |
| 12:01 | Build | Watch Tower |
| 12:11 | Create | Villager (Male) |
| 12:11 | Create | Villager (Male) |
| 12:14 | Research | Horse Collar |
| 12:17 | Research | Double-Bit Axe |
| 12:42 | Build | House |
| 12:44 | Build | House |
| 12:59 | Research | Fletching |
| 13:02 | Build | House |
| 13:04 | Build | House |
| 13:11 | Build | Market |
| 13:15 | Build | House |
| 13:19 | Build | House |
| 13:24 | Build | Stone Wall |
| 13:27 | Create | Villager (Male) |
| 13:29 | Build | Farm |
| 13:37 | Create | Villager (Male) |
| 14:01 | Create | Villager (Male) |
| 14:20 | Build | Farm |
| 14:21 | Build | Farm |
| 14:22 | Build | Farm |
| 14:23 | Build | Farm |
| 14:26 | Build | Farm |
| 14:29 | Build | Farm |
| 14:31 | Create | Villager (Male) |
| 14:58 | Create | Villager (Male) |
| 15:13 | Build | Market |
| 15:18 | Build | House |
| 15:36 | Create | Villager (Male) |
| 15:44 | Build | House |
| 15:58 | Create | Villager (Male) |
| 16:00 | Build | Farm |
| 16:04 | Build | House |
| 16:15 | Build | Farm |
| 16:34 | Build | Watch Tower |
| 16:39 | Create | Villager (Male) |
| 16:47 | Build | Farm |
| 16:50 | Build | Farm |
| 16:51 | Create | Villager (Male) |
| 17:15 | Create | Villager (Male) |
| 17:16 | Create | Villager (Male) |
| 17:20 | Build | House |
| 17:42 | Create | Villager (Male) |
| 17:43 | Build | Farm |
| 17:44 | Build | Farm |
| 18:04 | Create | Villager (Male) |
| 18:21 | Build | Farm |
| 19:05 | Create | Villager (Male) |
| 19:53 | Research | Castle Age |
| 20:42 | Build | Watch Tower |
| 20:46 | Build | Lumber Camp |
| 21:04 | Build | Mining Camp |
| 22:20 | Build | Barracks |
| 22:29 | Create | Villager (Male) |
| 22:29 | Create | Villager (Male) |
| 22:33 | Age | Castle Age |
| 22:44 | Build | Siege Workshop |
| 22:46 | Build | House |
| 23:02 | Create | Villager (Male) |
| 23:14 | Create | Mangonel |
| 23:29 | Create | Villager (Male) |
| 23:38 | Create | Villager (Male) |
| 23:49 | Create | Villager (Male) |
| 24:06 | Build | Watch Tower |
| 24:14 | Create | Villager (Male) |
| 24:26 | Create | Villager (Male) |
| 24:49 | Create | Villager (Male) |
| 24:57 | Create | Mangonel |
| 25:09 | Create | Villager (Male) |
| 25:11 | Build | Farm |
| 25:27 | Create | Mangonel |
| 25:31 | Create | Villager (Male) |
| 26:09 | Create | Villager (Male) |
| 27:04 | Build | Lumber Camp |
| 27:18 | Create | Villager (Male) |
| 27:33 | Build | Farm |
| 27:37 | Create | Villager (Male) |
| 27:47 | Create | Villager (Male) |
| 28:11 | Create | Villager (Male) |
| 28:31 | Build | Town Center |
| 28:35 | Create | Villager (Male) |
| 29:30 | Create | Villager (Male) |
| 29:32 | Create | Mangonel |
| 29:43 | Create | Villager (Male) |
| 29:45 | Create | Villager (Male) |
| 31:23 | Build | Castle |
Build order — FireFarts
First 150 of 185 actions detected
| 0:01 | Create | Villager (Male) |
| 0:01 | Create | Villager (Male) |
| 0:01 | Create | Villager (Male) |
| 0:01 | Create | Villager (Male) |
| 0:03 | Build | House |
| 0:05 | Build | House |
| 0:27 | Research | Loom |
| 0:34 | Create | Villager (Male) |
| 0:37 | Create | Villager (Male) |
| 0:58 | Build | Palisade Wall |
| 1:01 | Build | Palisade Wall |
| 1:01 | Build | Palisade Wall |
| 1:35 | Create | Villager (Male) |
| 1:38 | Build | Lumber Camp |
| 2:06 | Create | Villager (Male) |
| 2:35 | Create | Villager (Male) |
| 3:04 | Create | Villager (Male) |
| 3:22 | Build | House |
| 3:27 | Create | Villager (Male) |
| 3:37 | Create | Villager (Male) |
| 3:37 | Create | Villager (Male) |
| 4:12 | Build | House |
| 4:15 | Create | Villager (Male) |
| 4:15 | Create | Villager (Male) |
| 4:15 | Create | Villager (Male) |
| 4:30 | Create | Villager (Male) |
| 4:54 | Create | Villager (Male) |
| 5:40 | Create | Villager (Male) |
| 5:43 | Create | Villager (Male) |
| 5:43 | Create | Villager (Male) |
| 5:44 | Create | Villager (Male) |
| 5:47 | Create | Villager (Male) |
| 6:41 | Create | Villager (Male) |
| 7:11 | Research | Loom |
| 7:33 | Create | Villager (Male) |
| 7:37 | Build | Mining Camp |
| 8:02 | Research | Feudal Age |
| 8:19 | Build | Barracks |
| 8:43 | Build | House |
| 8:59 | Build | Mining Camp |
| 9:04 | Create | Militia ×4 |
| 10:12 | Create | Villager (Male) |
| 10:14 | Age | Feudal Age |
| 10:17 | Build | Watch Tower |
| 10:29 | Create | Villager (Male) |
| 10:36 | Create | Villager (Male) |
| 10:47 | Research | Man-at-Arms (upgrade) |
| 11:05 | Create | Villager (Male) |
| 11:12 | Create | Villager (Male) |
| 11:30 | Research | Arson |
| 11:32 | Build | Watch Tower |
| 11:45 | Build | Mill |
| 12:10 | Create | Militia |
| 12:13 | Build | House |
| 12:35 | Create | Villager (Male) |
| 12:37 | Build | Blacksmith |
| 12:43 | Create | Militia |
| 12:46 | Build | House |
| 12:48 | Build | House |
| 12:51 | Create | Villager (Male) |
| 13:15 | Create | Villager (Male) |
| 13:41 | Research | Fletching |
| 13:52 | Create | Villager (Male) |
| 14:05 | Build | Farm |
| 14:05 | Build | Farm |
| 14:05 | Build | Farm |
| 14:06 | Build | Farm |
| 14:23 | Build | Watch Tower |
| 14:24 | Create | Villager (Male) |
| 14:47 | Create | Villager (Male) |
| 15:13 | Create | Villager (Male) |
| 15:31 | Create | Villager (Male) |
| 15:31 | Create | Villager (Male) |
| 15:34 | Build | Archery Range |
| 15:50 | Create | Villager (Male) |
| 15:50 | Create | Villager (Male) |
| 15:54 | Create | Villager (Male) |
| 16:00 | Build | Farm |
| 16:01 | Build | Farm |
| 16:18 | Create | Archer |
| 16:32 | Build | Watch Tower |
| 16:50 | Create | Archer |
| 16:53 | Create | Villager (Male) |
| 17:04 | Build | Farm |
| 17:05 | Research | Horse Collar |
| 17:08 | Create | Archer |
| 17:08 | Create | Archer |
| 17:23 | Create | Villager (Male) |
| 17:27 | Create | Villager (Male) |
| 17:35 | Create | Archer |
| 17:37 | Build | House |
| 17:37 | Create | Villager (Male) |
| 17:39 | Build | House |
| 17:45 | Build | Outpost |
| 18:01 | Create | Villager (Male) |
| 18:11 | Create | Villager (Male) |
| 18:14 | Create | Villager (Male) |
| 18:24 | Research | Wheelbarrow |
| 18:27 | Create | Archer |
| 18:39 | Create | Militia |
| 19:07 | Create | Villager (Male) |
| 19:16 | Create | Archer |
| 19:42 | Build | Farm |
| 19:43 | Build | Farm |
| 19:43 | Build | Farm |
| 19:43 | Build | Farm |
| 19:43 | Build | Farm |
| 19:45 | Create | Villager (Male) |
| 19:56 | Create | Villager (Male) |
| 20:23 | Create | Villager (Male) |
| 20:24 | Create | Archer |
| 20:24 | Create | Archer |
| 20:33 | Create | Villager (Male) |
| 20:45 | Create | Archer |
| 21:00 | Create | Archer |
| 21:14 | Build | Stone Wall |
| 21:26 | Build | Watch Tower |
| 21:28 | Create | Archer |
| 21:34 | Build | House |
| 21:34 | Create | Villager (Male) |
| 21:45 | Create | Villager (Male) |
| 22:02 | Create | Villager (Male) |
| 22:31 | Research | Castle Age |
| 22:31 | Research | Castle Age |
| 22:43 | Build | Farm |
| 22:45 | Build | Farm |
| 22:46 | Build | Farm |
| 22:48 | Create | Spearman |
| 22:58 | Build | Watch Tower |
| 23:13 | Build | Stone Wall |
| 23:13 | Build | Stone Wall |
| 23:14 | Build | Stone Wall |
| 23:15 | Build | Stone Wall |
| 23:16 | Build | Stone Wall |
| 23:16 | Build | Stone Wall |
| 23:17 | Build | Stone Wall |
| 23:17 | Build | Stone Wall |
| 23:27 | Build | Farm |
| 23:29 | Create | Spearman |
| 23:30 | Create | Archer |
| 24:05 | Build | Lumber Camp |
| 24:21 | Build | Mining Camp |
| 25:11 | Age | Castle Age |
| 25:14 | Research | Crossbowman (upgrade) |
| 25:14 | Research | Bodkin Arrow |
| 25:15 | Create | Villager (Male) |
| 25:18 | Build | House |
| 25:19 | Build | House |
| 25:33 | Build | House |
| 25:44 | Create | Archer |
Match timeline
| 0:58 | FireFarts · wall_segment Palisade Wall x6 |
| 1:01 | FireFarts · wall_segment Palisade Wall x1 |
| 1:01 | FireFarts · wall_segment Palisade Wall x1 |
| 2:07 | marius_590 · wall_segment Palisade Wall x5 |
| 2:14 | marius_590 · wall_segment Palisade Wall x5 |
| 8:19 | FireFarts · first_building Barracks |
| 10:14 | FireFarts · age_up feudal |
| 10:55 | marius_590 · age_up feudal |
| 12:55 | marius_590 · first_market_buy 100 food |
| 13:24 | marius_590 · wall_segment Stone Wall x1 |
| 15:34 | FireFarts · first_building Archery Range |
| 19:21 | marius_590 · first_market_sell 500 wood |
| 21:14 | FireFarts · wall_segment Stone Wall x1 |
| 22:20 | marius_590 · first_building Barracks |
| 22:33 | marius_590 · age_up castle |
| 22:44 | marius_590 · first_building Siege Workshop |
| 23:13 | FireFarts · wall_segment Stone Wall x1 |
| 23:13 | FireFarts · wall_segment Stone Wall x2 |
| 23:14 | FireFarts · wall_segment Stone Wall x1 |
| 23:15 | FireFarts · wall_segment Stone Wall x1 |
| 23:16 | FireFarts · wall_segment Stone Wall x1 |
| 23:16 | FireFarts · wall_segment Stone Wall x1 |
| 23:17 | FireFarts · wall_segment Stone Wall x1 |
| 23:17 | FireFarts · wall_segment Stone Wall x1 |
| 25:11 | FireFarts · age_up castle |
| 27:11 | FireFarts · first_building Siege Workshop |
| 28:00 | FireFarts · first_building Stable |
| 28:11 | FireFarts · first_market_buy 100 wood |
| 28:32 | FireFarts · first_building Castle |
| 29:20 | FireFarts · first_market_sell 500 wood |
| 31:23 | marius_590 · first_building Castle |
| 31:55 | marius_590 · resign |
[ AI ANALYSIS · 1 CREDIT ]
What really happened in this match?
Wolo.gg analyzes every decision: build order, eco, micro, common mistakes by bracket. Personalized analysis on WhatsApp or Discord in 30 seconds.
Civ guide
Slavs
Perfil
Jugador #820812